Unix NetHack Version 3.7.0-62 Work-in-progress - last build Sep 11 2022 22:50:51 (50a4e0875b74f16bdbec0d79e29a59bb940978ed,branch:master). Game began 2022-09-11 21:35:34, ended 2022-09-12 13:07:08. adinthrae, lawful female human Valkyrie ----------- |..........# |.........|#### ------- |..........############################ o@)###)####).....| |......<..| # ## #####%#0 |.....| |.........| # .....| |.........| .>..| ----------- ....| ----- Adinthrae the Fighter St:17 Dx:14 Co:18 In:10 Wi:7 Ch:10 Lawful S:2156 Dlvl:6 $:206 HP:0(71) Pw:13(13) AC:5 Xp:6/425 T:3381 Hungry Latest messages: The Mordor orc hits! You hit the Mordor orc! You hit the Mordor orc! You kill the Mordor orc! H - an orcish helm. I - a whistle. What do you want to use or apply? [fpwyI or ?*] You produce a high whistling sound. J - an orcish helm. K - an orcish chain mail. $ - 13 gold pieces (206 in total). L - an orcish helm. M - an orcish helm. N - a dark brown spellbook. There are several objects here. O - an orcish helm. P - a pair of iron shoes. With great effort you move the boulder. The Uruk-hai swings his orcish bow. The Uruk-hai hits! You hit the Uruk-hai. You hit the Uruk-hai. The Uruk-hai swings his orcish bow. The Uruk-hai hits! You hit the Uruk-hai! The Uruk-hai swings his orcish bow. The Uruk-hai hits! You kill the Uruk-hai! You see here an orcish bow. The Uruk-hai wields an orcish short sword! You hit the Uruk-hai. The Uruk-hai thrusts his orcish short sword. The Uruk-hai hits! You hit the Uruk-hai! The Uruk-hai thrusts his orcish short sword. The Uruk-hai hits! You hit the Uruk-hai! The Uruk-hai thrusts his orcish short sword. The Uruk-hai hits! You kill the Uruk-hai! Where do you want to travel to? (For instructions type a '?') The Uruk-hai picks up an orcish helm. A poisoned orcish arrow misses you. You are hit by a poisoned orcish arrow! The Mordor orc wields an orcish short sword! A poisoned orcish arrow misses you. You are hit by a poisoned orcish arrow! The poison was deadly... Do you want your possessions identified? [ynq] (y) Inventory: Coins $ - 206 gold pieces Weapons b - a +0 dagger (alternate weapon; not wielded) a - a corroded +1 spear (weapon in hand) Armor D - an uncursed +0 orcish helm (being worn) J - an uncursed +0 orcish helm M - an uncursed +0 orcish helm O - an uncursed +0 orcish helm H - a cursed +0 orcish helm L - a cursed +0 orcish helm P - an uncursed +0 pair of iron shoes c - an uncursed +3 small shield (being worn) K - an uncursed +0 orcish chain mail Comestibles w - an uncursed cream pie d - an uncursed food ration G - an uncursed food ration h - a cursed food ration t - 3 uncursed fortune cookies o - an uncursed pancake i - 2 uncursed tripe rations Scrolls r - an uncursed scroll of charging e - a blessed scroll of destroy armor u - a cursed scroll of enchant armor j - an uncursed scroll of magic mapping s - a cursed scroll of magic mapping F - an uncursed scroll of remove curse Spellbooks N - an uncursed spellbook of knock Potions k - an uncursed potion of acid x - an uncursed potion of hallucination A - an uncursed potion of invisibility g - an uncursed potion of monster detection Rings m - a cursed ring of polymorph Tools p - an uncursed blindfold y - a magic marker (0:66) f - an uncursed oil lamp I - an uncursed tin whistle Adinthrae the Valkyrie's attributes: Background: You were a Fighter, a level 6 human Valkyrie. You were lawful, on a mission for Tyr who was opposed by Odin (neutral) and Loki (chaotic). You were in the Dungeons of Doom, on level 6. You entered the dungeon 3381 turns ago. There was a full moon in effect when your adventure ended. You had 425 experience points, 215 more were needed to attain level 7. Your score was 2156 before end-of-game adjustments. Basics: You had 0 out of 71 hit points. You had all 13 energy points (spell power). Your armor class was 5. Your wallet contained 206 zorkmids. Autopickup was off. Final Characteristics: Your strength was 17 (limit:18/100). Your dexterity was 14 (limit:18). Your constitution was 18 (limit:18). Your intelligence was 10 (limit:18). Your wisdom was 7 (limit:18). Your charisma was 10 (limit:18). Final Status: You were hungry. You were unencumbered. You were wielding a spear. You were skilled in spear. Final Attributes: You were piously aligned. You were cold resistant. You were stealthy. You were lucky. You are dead. Miscellaneous: You never encountered a bones level. Total elapsed playing time was 31 minutes and 25 seconds. Major events: Turn 1: adinthrae the lawful human Valkyrie entered the dungeon 645: entered the Gnomish Mines 821: attained the rank of Skirmisher (level 3) 3223: attained the rank of Fighter (level 6) 3381: poisoned by an orcish arrow Vanquished creatures: 4 Mordor orcs 3 Uruk-hai a rock piercer 2 rock moles a shrieker 2 gnome leaders a gray ooze a straw golem 2 floating eyes a kitten 8 hill orcs a rothe a giant bat a monkey an iguana 3 coyotes a yellow mold a green mold 2 red molds 8 gnomes 2 geckos a jackal 2 goblins a sewer rat a grid bug a bat 6 lichens a kobold zombie 3 newts 63 creatures vanquished. No species were genocided or became extinct. Voluntary challenges: You were illiterate. You never engraved Elbereth. You never genocided any monsters. You never polymorphed an object. You never changed form. You used no wishes. Achievements: You entered the Gnomish Mines. You attained the rank of Skirmisher. You entered a shop. You attained the rank of Fighter. The Dungeons of Doom: levels 1 to 6 Level 1: A fountain. Level 2: An altar to Tyr. Stairs down to The Gnomish Mines. Level 3: A fountain. Level 4: An armor shop. Level 5: A general store, some fountains. Level 6: <- You were here. Final resting place for you, poisoned by an orcish arrow. The Gnomish Mines: Level 3: Game over: ---------- / \ / REST \ / IN \ / PEACE \ / \ | adinthrae | | 206 Au | | poisoned by an | | orcish arrow | | | | | | 2022 | *| * * * | * _________)/\\_//(\/(/\)/\//\/|_)_______ Farvel adinthrae the Valkyrie... You were poisoned in The Dungeons of Doom on dungeon level 6 with 2136 points, and 206 pieces of gold, after 3381 moves. You were level 6 with a maximum of 71 hit points when you were poisoned.